 Dungeon Crawl Stone Soup version 0.28-a0-8-g6e044cfa68 (webtiles) character file.

Game seed: 12883334832048118630

129 MovingMist the Skirmisher (level 5, -1/33 HPs)
             Began as a Gargoyle Fighter on July 25, 2021.
             Killed from afar by Ijyb (7 damage)
             ... with a bolt of acid
             ... on level 3 of the Dungeon.
             The game lasted 00:02:54 (3014 turns).

MovingMist the Skirmisher (Gargoyle Fighter)        Turns: 3014, Time: 00:02:55

Health: -1/33      AC: 12    Str: 19    XL:     5   Next: 12%
Magic:  5/5        EV:  5    Int:  9    God:
Gold:   96         SH:  9    Dex: 10    Spells: 4/4 levels left

rFire   . . .      SeeInvis .   a - +0 flail
rCold   . . .      Faith    .   c - +0 kite shield
rNeg    + . .      Spirit   .   k - +0 chain mail
rPois   ∞          Reflect  .   (no helmet)
rElec   +          Harm     .   f - +1 cloak
rCorr   .          Rampage  .   p - +0 pair of gloves
Will    .....                   (no boots)
Stlth   ..........              (no amulet)
HPRegen 0.11/turn               (no ring)
MPRegen 0.09/turn               (no ring)

@: corroded
A: sickness immunity, AC +4, negative energy resistance 1, electricity
resistance, torment resistance 1, petrification resistance
a: no special abilities


You were on level 3 of the Dungeon.
You visited 1 branch of the dungeon, and saw 3 of its levels.

You collected 96 gold pieces.

Inventory:

Hand Weapons
 a - a +0 flail (weapon)
Armour
 c - a +0 kite shield (worn)
 f - a +1 cloak (worn)
 k - a +0 chain mail (worn)
 p - a +0 pair of gloves (worn)
Scrolls
 b - a scroll of magic mapping {unknown}
 h - 2 scrolls of identify {unknown}
 j - a scroll of teleportation {unknown}
 m - a scroll of enchant weapon {unknown}
 n - a scroll of silence {unknown}
 o - a scroll of vulnerability {unknown}
Potions
 d - 2 potions of might
 e - a potion of curing {unknown}
 g - a potion of mutation {unknown}
 i - 2 potions of flight {unknown}
 l - a potion of resistance {unknown}


   Skills:
 + Level 4.1 Fighting
 + Level 2.8 Maces & Flails
 + Level 4.0 Armour
 * Level 2.2 Dodging
 - Level 3.2 Shields


You had 4 spell levels left.
You didn't know any spells.
Your spell library contained the following spells:

 Spells                   Type           Power      Damage    Failure   Level
 Gell's Gravitas          Tloc           0%         N/A       100%        3
 Lesser Beckoning         Tloc           0%         N/A       100%        3
 Stone Arrow              Conj/Erth      0%         3d7       100%        3
 Teleport Other           Tloc           0%         N/A       100%        3
 Bolt of Magma            Conj/Fire/Erth 0%         4d4       100%        5
 Shatter                  Erth           0%         3d5*      100%        9


Dungeon Overview and Level Annotations

Branches:
Dungeon (3/15)

Altars:
Sif Muna

Annotations:
D:3 Ijyb


Innate Abilities, Weirdness & Mutations

You are immune to sickness and miasma.
Your stone body is resilient. (AC +4)
You are immune to poison.
You resist negative energy. (rN+)
You are resistant to electric shocks. (rElec)
You are resistant to unholy torment.
You are immune to petrification.


Message History

You hit the orc.
The orc is heavily wounded.
You block the orc's attack. The orc barely misses you.
Your shield prevents you from hitting the orc.
The orc is heavily wounded.
The orc barely misses you.
You barely miss the orc.
The orc is heavily wounded.
You block the orc's attack. The orc hits you but does no damage.
You hit the orc but do no damage.
The orc is heavily wounded.
The orc hits you but does no damage.
You sock the orc!
You kill the orc!
You thump the orc!
You kill the orc!
You thump the goblin!
You kill the goblin!
Items here: ))) [[.
You see here a +0 falchion.
Found a stone staircase leading up.
Items here: ) [[ †.
p - a +0 pair of gloves You start putting on your armour.
You continue putting on your +0 pair of gloves. x4
You finish putting on your +0 pair of gloves.
Ijyb the Twisted Goblin comes into view.
She is wielding a +0 club and carrying a wand of acid (6).
Ijyb grins evilly.
No target in view!
Ijyb barely misses you.
You miss Ijyb. Ijyb hits you but does no damage. x2
You closely miss Ijyb. Ijyb barely misses you.
You barely miss Ijyb.
Ijyb zaps a wand.
The bolt of acid hits you! The acid corrodes you!
You are splashed with acid!
* * * LOW HITPOINT WARNING * * *
You block Ijyb's attack.
You closely miss Ijyb. Ijyb hits you but does no damage.
You closely miss Ijyb. Ijyb barely misses you.
Ijyb zaps a wand.
The bolt of acid hits you!
You die...

## ########## #.
.........## ###
#####.#########...####..
........###.))....†[...#
#...g.....###...######
#...#@....).##.##
#...#.##..#.##.#
##.....##..#.##.#
.........#..#.##.#
......##....#.##>#
###.#. #..#....<..
#.#..<.........# #
#.##.##>.##### # #.##..#


You could see Ijyb.

Vanquished Creatures
  An orc wizard (D:3)
  4 adders (D:2)
  A worm (D:2)
  2 dart slugs (D:1)
  6 orcs (D:3)
  3 ball pythons
  5 bats
  4 endoplasms
  5 giant cockroaches
  5 goblins
  5 hobgoblins
  A quokka (D:1)
  4 frilled lizards
  5 kobolds
  4 rats
55 creatures vanquished.

Notes
Turn   | Place    | Note
-------+----------+-------------------------------------------
     0 | D:1      | MovingMist the Gargoyle Fighter began the quest for the
                  | Orb.
     0 | D:1      | Reached XP level 1. HP: 14/14 MP: 1/1
   278 | D:1      | Reached XP level 2. HP: 19/19 MP: 2/2
   358 | D:1      | Reached skill level 1 in Dodging
   673 | D:1      | Found a faded altar of an unknown god.
   722 | D:1      | Reached XP level 3. HP: 5/23 MP: 3/3
  1464 | D:2      | Found a shimmering blue altar of Sif Muna.
  1773 | D:2      | Reached XP level 4. HP: 29/29 MP: 4/4
  2708 | D:3      | Reached XP level 5. HP: 21/33 MP: 5/5
  3006 | D:3      | Noticed Ijyb
  3014 | D:3      | Killed from afar by Ijyb

Illustrated notes

Levels and vault maps discovered:
D:1:      wander_arrival_desolate, layout_loops_ring,
          ebering_ecumenical_altar_webs
D:2:      layout_basic, basic_altar
D:3:      layout_loops_ring, gammafunk_temple_overflow_wave,
          grunt_ministairs_11, chequers_jeans, small_statue_intersection,
          chequers_arboretum, uniq_ijyb, uniq_jessica

Skill      XL: |  1  2  3  4 |
---------------+-------------+-----
Dodging        | 1 2 |  2.2
Fighting       | 4 |  4.1
Armour         | 4 |  4.0
Maces & Flails | |  2.8
Shields        | |  3.2

Action                   |  1- 3 |  4- 6 || total
-------------------------+-------+-------++-------
Melee: Flail             |   106 |    71 ||   177
Armor: Scale mail        |    55 |       ||    55
       Chain mail        |     9 |    31 ||    40
Dodge: Dodged            |    32 |    22 ||    54
Block: Kite shield       |    62 |    30 ||    92

Table legend: (Time is in decaauts)
 A = Elapsed time spent in this place.
 B = Non-inter-level travel time spent in this place.
 C = Inter-level travel time spent in this place.
 D = Time resting spent in this place.
 E = Time spent auto-exploring this place.
 F = Levels seen in this place.
 G = Mean time per level.
                   A        B        C        D        E       F      G
               +--------+--------+--------+--------+--------+-----+--------+
         Total |   3103 |   2959 |    144 |    409 |   2049 |   3 | 1034.3 |
       Dungeon |   3103 |   2959 |    144 |    409 |   2049 |   3 | 1034.3 |
               +--------+--------+--------+--------+--------+-----+--------+

Top non-repeatable levels by time:
     D:1: 1393 daAuts
     D:2: 1303 daAuts
     D:3: 406 daAuts
